 Dungeon Crawl Stone Soup version 0.29-a0-1-gf2d273c862 (webtiles) character file.

Game seed: 11566418891469439397

12 Grim the Cudgeller (level 2, 26/26 HPs)
             Began as a Minotaur Berserker on Jan 26, 2022.
             Was a Follower of Trog.
             Quit the game on level 1 of the Dungeon.
             The game lasted 00:00:33 (250 turns).

Grim the Cudgeller (Minotaur Berserker)              Turns: 250, Time: 00:00:33

Health: 26/26      AC:  2    Str: 21    XL:     2   Next: 20%
Magic:  1/1        EV: 12    Int:  4    God:    Trog [*.....]
Gold:   3          SH:  0    Dex:  9    Spells: 1/1 levels left

rFire   . . .      SeeInvis .   a - +0 mace
rCold   . . .      Faith    .   (no shield)
rNeg    . . .      Spirit   .   b - +0 animal skin
rPois   .          Reflect  .   (helmet restricted)
rElec   .          Harm     .   (no cloak)
rCorr   .          Rampage  .   (no gloves)
Will    .....                   (no boots)
Stlth   +.........              (no amulet)
HPRegen 0.08/turn               (no ring)
MPRegen 0.07/turn               (no ring)

@: no status effects
A: horns 2, retaliatory headbutt
a: Renounce Religion, Berserk


You were on level 1 of the Dungeon.
You worshipped Trog.
Trog was aware of your devotion.
You visited 1 branch of the dungeon, and saw 1 of its levels.

You collected 3 gold pieces.

Inventory:

Hand Weapons
 a - a +0 mace (weapon)
Armour
 b - a +0 animal skin (worn)


   Skills:
 - Level 3.6 Fighting
 + Level 4.5 Maces & Flails
 - Level 2.4 Armour
 - Level 2.1 Dodging


You had one spell level left.
You didn't know any spells.
Your spell library was empty.

Dungeon Overview and Level Annotations

Branches:
Dungeon (1/15)

Altars:


Innate Abilities, Weirdness & Mutations

You have a pair of horns on your head.
You reflexively headbutt those who attack you in melee.


Message History

You kill the giant cockroach!
Trog accepts your kill.
No target in view!
Items here: )) [ ††.
Things that are here:
a +0 dagger; a goblin corpse
Items here: )) [ ††.
Found a robe.
No target in view!
Found a chain mail.
Found a faded altar of an unknown god.
You now have 3 gold pieces.
A goblin comes into view. It is wielding a +0 club.
The goblin shouts!
The goblin moves out of view.
A goblin is nearby!
The goblin hits you with a +0 club.
You barely miss the goblin. The goblin barely misses you.
You sock the goblin!
You kill the goblin!
Trog accepts your kill.
No target in view!
No target in view!
A kobold comes into view. It is wielding a +0 club.
The kobold shouts!
You hit the kobold.
You kill the kobold!
Trog accepts your kill.
No target in view!
Things that are here:
a +0 club; a kobold corpse Are you sure you want to abandon this character and quit the game? (Confirm with "yes".)
Okay, then.
Found a hunting sling.
You are a level 2 Minotaur Berserker.
You are 20% of the way to level 3.
Play time: 00:00:29 (250 turns).
Zot will find you in 5746 turns if you stay in this branch and explore no new floors.
Unknown command.
Unknown command.
Are you sure you want to abandon this character and quit the game? (Confirm with "yes".)

######### ###.......#
#.# ..........####..#
...........)....#
..........# ...#
.......@..# ..#
........).###.#
............).#
........8.8..##
....#...._...#
...##.....[..########
###.................#
#.####.#.#........#
#. #.#.......[..#


There were no monsters in sight!

Vanquished Creatures
  An endoplasm (D:1)
  A giant cockroach (D:1)
  3 goblins (D:1)
  A hobgoblin (D:1)
  A quokka (D:1)
  3 kobolds (D:1)
  A rat (D:1)
11 creatures vanquished.

Notes
Turn   | Place    | Note
-------+----------+-------------------------------------------
     0 | D:1      | Grim the Minotaur Berserker began the quest for the Orb.
     0 | D:1      | Reached XP level 1. HP: 19/19 MP: 0/0
   165 | D:1      | Reached skill level 4 in Maces & Flails
   174 | D:1      | Reached XP level 2. HP: 24/26 MP: 1/1
   206 | D:1      | Found a faded altar of an unknown god.
   250 | D:1      | Quit the game

Illustrated notes

Levels and vault maps discovered:
D:1:      amcnicky_arrival_gap_in_the_tavern_cellar, layout_rooms,
          dreamdust_ecumenical_altar_statues, minmay_misc_feat_rows

Skill      XL: |  1 |
---------------+----+-----
Maces & Flails | 4 |  4.5
Fighting       | |  3.6
Armour         | |  2.4
Dodging        | |  2.1

Action                   || total
-------------------------++-------
Melee: Mace              ||    18
       Headbutt          ||     4
Armor: Animal skin       ||     3
Dodge: Dodged            ||     2

Table legend: (Time is in decaauts)
 A = Elapsed time spent in this place.
 B = Non-inter-level travel time spent in this place.
 C = Inter-level travel time spent in this place.
 D = Time resting spent in this place.
 E = Time spent auto-exploring this place.
 F = Levels seen in this place.
 G = Mean time per level.
                   A        B        C        D        E       F      G
               +--------+--------+--------+--------+--------+-----+--------+
         Total |    253 |    253 |      0 |    125 |     83 |   1 |  253.0 |
       Dungeon |    253 |    253 |      0 |    125 |     83 |   1 |  253.0 |
               +--------+--------+--------+--------+--------+-----+--------+

Top non-repeatable levels by time:
     D:1: 253 daAuts
